 Dungeon Crawl Stone Soup version 0.26.0-45-g9c1d065592 (webtiles) character file.

Game seed: 9994229198993899934

109 lawman0 the Slasher (level 4, 0/40 HPs)
             Began as a Palentonga Fighter on Jan 31, 2021.
             Slain by Grinder (4 damage)
             ... while paralysed by Grinder
             ... on level 3 of the Dungeon.
             The game lasted 00:02:24 (2566 turns).

lawman0 the Slasher (Palentonga Fighter)            Turns: 2566, Time: 00:02:24

Health: 0/40       AC:  7    Str: 20    XL:     4   Next: 59%
Magic:  4/4        EV:  1    Int:  8    God:
Gold:   150        SH:  0    Dex: 16    Spells: 3/3 levels left

rFire    . . .     SeeInvis +   a - +0 long sword
rCold    . . .     Faith    .   c - +0 kite shield
rNeg     . . .     Spirit   .   b - +0 scale mail
rPois    .         Reflect  .   (no helmet)
rElec    .         Harm     .   (no cloak)
rCorr    .         Rampage  .   m - +0 pair of gloves
Will     .....                  (no barding)
Stlth    ..........             (no amulet)
HPRegen  0.13/turn              o - +6 ring of dexterity
MPRegen  0.09/turn              (no ring)

@: paralysed, mighty
A: large, rugged brown scales 3, see invisible, deformed body, roll 1, armoured
tail
a: Rolling Charge


You were on level 3 of the Dungeon.
You visited 1 branch of the dungeon, and saw 3 of its levels.

You collected 150 gold pieces.

Inventory:

Hand Weapons
 a - a +0 long sword (weapon)
Missiles
 g - 9 poisoned darts
Armour
 b - a +0 scale mail (worn)
 c - a +0 kite shield (worn)
 m - a +0 pair of gloves (worn)
Jewellery
 j - a +4 ring of evasion {unknown}
 o - a +6 ring of dexterity (left hand)
Scrolls
 f - 2 scrolls of noise {unknown}
 i - 3 scrolls of identify {unknown}
 k - 2 scrolls of enchant weapon {unknown}
 n - 2 scrolls of enchant armour {unknown}
 r - a scroll of teleportation {unknown}
Potions
 e - a potion of curing {unknown}
 h - a potion of degeneration {unknown}
 l - a potion of attraction {unknown}
 p - a potion of mutation {unknown}
 q - a potion of invisibility {unknown}


   Skills:
 + Level 3.2 Fighting
 * Level 3.8 Long Blades
 + Level 2.9 Armour
 + Level 0.8 Dodging
 + Level 2.6 Shields


You had 3 spell levels left.
You didn't know any spells.
Your spell library was empty.

Dungeon Overview and Level Annotations

Branches:
Dungeon (3/15)

Altars:
Kikubaaqudgha
Ru
Xom

Annotations:
D:3 1 runed translucent door, Alvadar's ghost, amateur DENe; Grinder


Innate Abilities, Weirdness & Mutations

You are completely covered in rugged brown scales. (AC +3, +7% HP)
You have supernaturally acute eyesight. (SInv)
Armour fits poorly on your strangely shaped body.
You can roll at nearby foes to attack.
You have a long armoured tail.


Message History

Grinder gestures at you.
You suddenly lose the ability to move!
The orc hits you with a +0 flail.
The hobgoblin hits you but does no damage.
Grinder hits you but does no damage.
The bat hits you but does no damage. x2; The orc hits you with a +0 flail.
The hobgoblin hits you but does no damage.
Grinder hits you.
You writhe in agony.
* * * LOW HITPOINT WARNING * * *
The bat hits you but does no damage. The orc hits you but does no damage.
The hobgoblin hits you but does no damage.
Grinder hits you but does no damage. The bat hits you.
* * * LOW HITPOINT WARNING * * *
The orc hits you with a +0 flail.
* * * LOW HITPOINT WARNING * * *
The hobgoblin hits you but does no damage.
Grinder hits you.
* * * LOW HITPOINT WARNING * * *
You writhe in agony.
You die...

###.###### ###
.......... ..#
##...#### #.#
#.....# #.# ##...##
#.# #.....##
####.#####..
..###..#
#...KK......
.##⌠##..##
#..o5g......
##...##..#
#.##@###...<
#.....##.# #.##.b# .
⌠.!♣!.W#.# #.###.#
#.....##.# ##.## .#
##...##..###...##.#
)##.##..'...........
..#+#...####...##.##
.......## ##.## .#
#.....#########


You could see Grinder, an orc, a hobgoblin, a bat and 2 kobolds.

Vanquished Creatures
  5 adders (D:2)
  A worm (D:3)
  A dart slug (D:2)
  4 orcs (D:3)
  7 bats
  A giant cockroach (D:2)
  9 goblins
  4 hobgoblins (D:1)
  9 jackals
  A ball python (D:2)
  3 frilled lizards
  4 kobolds
  4 rats
53 creatures vanquished.

Notes
Turn   | Place    | Note
-------+----------+-------------------------------------------
     0 | D:1      | lawman0 the Palentonga Fighter began the quest for the Orb.
     0 | D:1      | Reached XP level 1. HP: 20/20 MP: 1/1
   151 | D:1      | Reached XP level 2. HP: 23/27 MP: 2/2
  1033 | D:2      | Reached XP level 3. HP: 33/33 MP: 3/3
  1145 | D:2      | Found a shimmering altar of Xom.
  1463 | D:2      | Found a sacrificial altar of Ru.
  1641 | D:2      | Reached XP level 4. HP: 31/40 MP: 4/4
  2424 | D:3      | Noticed a two-headed ogre
  2494 | D:3      | Found an ancient bone altar of Kikubaaqudgha.
  2515 | D:3      | Noticed Alvadar's ghost (amateur DENe)
  2518 | D:3      | Found a runed translucent door.
  2554 | D:3      | Noticed Grinder
  2563 | D:3      | Paralysed by Grinder for 6 turns
  2566 | D:3      | Slain by Grinder

Illustrated notes

Levels and vault maps discovered:
D:1:      lemuel_arrival_cross, layout_basic
D:2:      layout_basic, lemuel_crystal_altar, overflow_temple_1_default
D:3:      layout_loops_corners, lemuel_doored_altar,
          hellmonk_ghost_happy_afterlife, uniq_grinder

Skill      XL: |  1  2 |
---------------+-------+-----
Long Blades    | 3 |  3.8
Fighting       | |  3.2
Armour         | |  2.9
Dodging        | |  0.8
Shields        | |  2.6

Action                   |  1- 3 |  4- 6 || total
-------------------------+-------+-------++-------
Melee: Long sword        |   129 |    55 ||   184
       Tailslap          |    15 |     8 ||    23
 Abil: Rolling Charge    |     1 |       ||     1
  Use: Potion            |       |     1 ||     1
Armor: Scale mail        |    72 |    39 ||   111
Dodge: Dodged            |    30 |    17 ||    47
Block: Kite shield       |    60 |    39 ||    99
       Rpst.: Long sword |     8 |     7 ||    15
